 Dungeon Crawl Stone Soup version 0.27-a0-1113-gb2b6fe9c5e (webtiles) character file.

Game seed: 4508925172541528464

68 DogServant the Chiller (level 4, 23/33 HPs)
             Began as a Draconian Ice Elementalist on Apr 30, 2021.
             Quit the game on level 3 of the Dungeon.
             The game lasted 00:03:53 (3010 turns).

DogServant the Chiller (Draconian Ice Elementalist) Turns: 3010, Time: 00:03:54

Health: 23/33      AC:  5    Str: 10    XL:     4   Next: 1%
Magic:  8/8        EV: 12    Int: 16    God:
Gold:   87         SH:  0    Dex: 12    Spells: 8/9 levels left

rFire    . . .     SeeInvis .   i - +2 dagger (venom)
rCold    + . .     Faith    .   (no shield)
rNeg     . . .     Spirit   .   (armour unavailable)
rPois    .         Reflect  .   (helmet restricted)
rElec    .         Harm     .   (no cloak)
rCorr    .         Rampage  .   (no gloves)
Will     .....                  (no boots)
Stlth    ++........             (no amulet)
HPRegen  0.11/turn              b - ring of protection from cold
MPRegen  0.11/turn              (no ring)

@: no status effects
A: AC +5, unfitting armour, cold-blooded
a: no special abilities


You were on level 3 of the Dungeon.
You visited 1 branch of the dungeon, and saw 3 of its levels.

You collected 87 gold pieces.

Inventory:

Hand Weapons
 i - a +2 dagger of venom (weapon)
Missiles
 g - a throwing net
Jewellery
 b - a ring of protection from cold (left hand)
 e - a ring of fire
Scrolls
 f - 2 scrolls of identify {unknown}
 h - a scroll of fear {unknown}
 j - a scroll of amnesia {unknown}
Potions
 a - 2 potions of degeneration {unknown}
 c - 2 potions of haste {unknown}
 d - a potion of heal wounds {unknown}


   Skills:
 - Level 1.7 Dodging
 - Level 1.7 Stealth
 + Level 3.1 Spellcasting
 + Level 4.8 Ice Magic


You had 8 spell levels left.
You knew the following spells:

 Your Spells              Type           Power      Damage    Failure   Level
a - Freeze                Ice            72%        1d9       2%          1

Your spell library contained the following spells:

 Spells                   Type           Power      Damage    Failure   Level
 Frozen Ramparts          Ice            36%        1d5       8%          3
 Ozocubu's Armour         Ice            18%        N/A       8%          3
 Animate Skeleton         Necr           4%         N/A       19%         1
 Apportation              Tloc           4%         N/A       19%         1
 Corona                   Hex            2%         N/A       19%         1
 Magic Dart               Conj           8%         1d3       19%         1
 Summon Small Mammal      Summ           8%         N/A       19%         1
 Blink                    Tloc           N/A        N/A       28%         2
 Call Imp                 Summ           2%         N/A       28%         2
 Slow                     Hex            2%         N/A       28%         2
 Conjure Flame            Conj/Fire      2%         6-21      50%         3
 Mephitic Cloud           Conj/Pois/Air  2%         N/A       50%         3
 Hailstorm                Conj/Ice       10%        3d5       56%         4
 Metabolic Englaciation   Hex/Ice        5%         N/A       88%         5


Dungeon Overview and Level Annotations

Branches:
Dungeon (3/15)

Altars:
Zin


Innate Abilities, Weirdness & Mutations

Your plain brown scales are hard. (AC +5)
You cannot fit into any form of body armour.
You are cold-blooded and may be slowed by cold attacks.


Message History

There is a stone staircase leading down here.
You climb downwards.
A frilled lizard and a ball python come into view.
The ball python hisses angrily.
Found a mace.
There is a stone staircase leading up here.
The frilled lizard hisses angrily.
An adder comes into view.
The frilled lizard unfolds its giant frill.
The adder hisses angrily.
You hit the ball python but do no damage.
The ball python is poisoned.
The ball python closely misses you. The ball python barely misses you.
You miss the adder. The adder bites you. The ball python closely misses you. x2
You miss the adder. The adder closely misses you.
The ball python bites you but does no damage.
The ball python grabs you. The ball python constricts you.
The adder barely misses you.
You barely miss the adder.
The ball python bites you but does no damage.
The ball python constricts you. The adder misses you.
The ball python misses you. The ball python constricts you.
You barely miss the adder. You tail-slap the adder.
The adder is moderately wounded.
The adder bites you. The ball python bites you. The ball python constricts you.
You hit the adder.
The adder is severely wounded.
You kill the ball python!
The adder bites you but does no damage. The frilled lizard barely misses you.
The adder closely misses you.
You hit the adder.
You kill the adder!
The frilled lizard hisses.
The frilled lizard completely misses you.
You have reached level 4!
You feel clever.
You hit the frilled lizard.
You kill the frilled lizard!
You see here a frilled lizard corpse.
Are you sure you want to abandon this character and quit the game? (Confirm with "yes".)

#.# ## #.. .#
#..###.# #
#..#...#)#
#......#.#
#........#
#.##..#.....#
#..........##..
####.†@<.......
#.##.##.###.
... .... # ###
###.... ......
....## ....#
....#


There were no monsters in sight!

Vanquished Creatures
  An adder (D:3)
  2 dart slugs (D:1)
  5 bats
  6 endoplasms (D:1)
  3 giant cockroaches
  4 goblins
  7 hobgoblins
  4 jackals (D:1)
  A quokka (D:2)
  3 ball pythons
  5 frilled lizards
  4 kobolds
  3 rats
48 creatures vanquished.

Notes
Turn   | Place    | Note
-------+----------+-------------------------------------------
     0 | D:1      | DogServant the Draconian Ice Elementalist began the quest
                  | for the Orb.
     0 | D:1      | Reached XP level 1. HP: 14/14 MP: 3/3
   393 | D:1      | Reached XP level 2. HP: 15/20 MP: 0/5
  1171 | D:1      | Reached XP level 3. HP: 26/26 MP: 4/7
  1359 | D:1      | Found a faded altar of an unknown god.
  2386 | D:2      | Found a glowing silver altar of Zin.
  3008 | D:3      | Reached XP level 4. HP: 23/33 MP: 8/8
  3010 | D:3      | Quit the game

Illustrated notes

Levels and vault maps discovered:
D:1:      matt_arrival_los_fun, layout_basic,
          hellmonk_ecumenical_altar_leap_of_faith, minmay_liquid_box
D:2:      layout_basic, basic_altar
D:3:      layout_basic

Skill      XL: |  1  2  3 |
---------------+----------+-----
Spellcasting   | 3 |  3.1
Dodging        | |  1.7
Stealth        | |  1.7
Ice Magic      | |  4.8

Action                   |  1- 3 |  4- 6 || total
-------------------------+-------+-------++-------
Melee: Unarmed           |    33 |       ||    33
       Dagger            |    22 |     1 ||    23
       Tailslap          |     2 |       ||     2
 Cast: Freeze            |    59 |       ||    59
Armor: Skin              |    30 |       ||    30
Dodge: Dodged            |    71 |       ||    71

Table legend: (Time is in decaauts)
 A = Elapsed time spent in this place.
 B = Non-inter-level travel time spent in this place.
 C = Inter-level travel time spent in this place.
 D = Time resting spent in this place.
 E = Time spent auto-exploring this place.
 F = Levels seen in this place.
 G = Mean time per level.
                   A        B        C        D        E       F      G
               +--------+--------+--------+--------+--------+-----+--------+
         Total |   3009 |   2956 |     53 |      0 |   2661 |   3 | 1003.0 |
       Dungeon |   3009 |   2956 |     53 |      0 |   2661 |   3 | 1003.0 |
               +--------+--------+--------+--------+--------+-----+--------+

Top non-repeatable levels by time:
     D:1: 1604 daAuts
     D:2: 1394 daAuts
     D:3: 10 daAuts
